 Dungeon Crawl Stone Soup version 0.21-a0-79-g04744e2 (webtiles) character file.

1644 HAL9000 the Slicer (level 8, -8/38 HPs)
             Began as a Vine Stalker Assassin on June 22, 2017.
             Was an Initiate of Dithmenos.
             Mangled by a hog (10 damage)
             ... on level 6 of the Dungeon.
             The game lasted 00:13:15 (7242 turns).

HAL9000 the Slicer (Vine Stalker Assassin)          Turns: 7242, Time: 00:13:16

Health: -8/38      AC:  7    Str: 15    XL:     8   Next: 99%
Magic:  0/9        EV: 11    Int: 13    God:    Dithmenos [......]
Gold:   369        SH:  0    Dex: 17    Spells: 7/7 levels left

rFire    x . .     SeeInvis .   Q - +0 rapier
rCold    + . .     Gourm    .   (no shield)
rNeg     . . .     Faith    .   v - +3 leather armour
rPois    .         Spirit   +   (no helmet)
rElec    .         Reflect  .   d - +0 cloak
rCorr    .         Harm     .   (no gloves)
MR       +....                  (no boots)
Stlth    +++.......             (no amulet)
HPRegen  0.52/turn              l - +2 ring of intelligence
MPRegen  0.11/turn              I - ring of ice

@: about to teleport
A: fangs 3, regeneration 1, magic shield, antimagic bite, no potion heal 3, rot
immunity
a: Renounce Religion


You were on level 6 of the Dungeon.
You worshipped Dithmenos.
Dithmenos was noncommittal.
You were not hungry.

You visited 2 branches of the dungeon, and saw 8 of its levels.

You collected 369 gold pieces.

Inventory:

Hand Weapons
 a - a +2 dagger
 b - a +0 blowgun
 Q - a +0 rapier (weapon)
 R - a +0 dagger of freezing
Missiles
 e - 74 poisoned needles
 f - 2 curare-tipped needles
 m - 6 javelins (quivered)
Armour
 d - a +0 cloak (worn)
 v - a +3 leather armour (worn)
Jewellery
 l - a +2 ring of intelligence (left hand)
 s - an uncursed ring of magical power
 u - an uncursed ring of flight
 I - a ring of ice (right hand)
Wands
 A - a wand of iceblast (0/15)
 S - a wand of disintegration (14/24)
Scrolls
 k - 3 scrolls of teleportation
 q - a scroll of fog
 y - a scroll of magic mapping {unknown}
 J - a scroll of enchant weapon {unknown}
 K - a scroll of remove curse
 M - a scroll of blinking {unknown}
 N - a scroll of brand weapon {unknown}
 O - a scroll of recharging {unknown}
Potions
 o - 2 potions of haste
 p - a potion of magic
 z - 4 potions of curing
 B - a potion of flight
 G - a potion of ambrosia
Comestibles
 g - 6 bread rations
 i - 3 royal jellies
 j - 5 meat rations
 T - 2 chunks of flesh


   Skills:
 - Level 1.7 Fighting
 + Level 10.2 Short Blades
 - Level 1.7 Throwing
 - Level 0.7 Dodging
 - Level 4.8 Stealth


You had 7 spell levels left.
You didn't know any spells.

Dungeon Overview and Level Annotations

Branches:
Dungeon (7/15)             Temple (1/1) D:7

Altars:
Cheibriados
Dithmenos
Elyvilon
Hepliaklqana
Makhleb
Sif Muna
Yredelemnul
The Shining One

Shops:
D:4 (


Innate Abilities, Weirdness & Mutations

You have razor-sharp teeth.
Your natural rate of healing is unusually fast.
When hurt, damage is shared between your health and your magic reserves.
Your bite disrupts and absorbs the magic of your enemies.
Potions cannot restore your health.
You are immune to rotting.


Message History

* * * LOW HITPOINT WARNING * * *
You closely miss the hog. You bite the hog! You drain its power.
You feel invigorated.
The hog is almost dead.
The hog bites you!
* * * LOW HITPOINT WARNING * * *
The hog bites you.
* * * LOW HITPOINT WARNING * * *
The hog closely misses you. The hog closely misses you.
The hog bites you but does no damage. The hog bites you but does no damage.
The hog bites you.
* * * LOW HITPOINT WARNING * * *
As you read the scroll of teleportation, it crumbles to dust.
You feel strangely unstable. The hog bites you!
* * * LOW HITPOINT WARNING * * *
Unknown command.
The hog bites you!
You die...

#### #.########.#
...#####........#.#
.........######.#.#
#...........# #.#.#
##.##.#####.###.#.#########
##.##.#####.##............#
......................###.#
#.(##.#####>.###.####.# #.#
......# #..# #@# #.# #.#
#..###### #..# #h####.# #.#
........# #..# #h#....# #.#
#...###.###..###.#.#### #.#
#.#.# #..........#.# #.#
#.#.# #####..#####.# #.#
#.#.# #..# #.# #.# #.#.#
#..#####.# #.## #.#.#
#........# #..#


You could see 2 hogs.

Vanquished Creatures
  The ghost of Torious the Nimble, a novice DECj of Sif Muna (D:7)
  A shadow (D:7)
  An ice beast (D:5)
  A phantom (D:7)
  A sky beast (D:5)
  An ogre (D:5)
  A big kobold (D:7)
  2 bullfrogs (D:6)
  3 wights
  A bullfrog zombie (D:5)
  A jelly (D:6)
  A centaur skeleton (D:7)
  A hound (D:4)
  A bullfrog skeleton (D:6)
  2 worker ants
  A howler monkey zombie (D:5)
  A gnoll (D:5)
  7 adders
  A shadow imp (D:6)
  An ooze (D:6)
  2 worms
  4 dart slugs
  4 leopard geckos
  10 orcs
  5 ball pythons
  12 bats
  2 giant cockroaches
  5 hobgoblins
  13 kobolds
  A quokka (D:5)
  5 frilled lizards
  6 goblins
  6 rats
105 creatures vanquished.

Notes
Turn   | Place    | Note
-------+----------+-------------------------------------------
     0 | D:1      | HAL9000 the Vine Stalker Assassin began the quest for the Orb.
     0 | D:1      | Reached XP level 1. HP: 11/11 MP: 2/2
    81 | D:1      | Reached skill level 2 in Short Blades
   243 | D:1      | Reached XP level 2. HP: 15/15 MP: 3/3
   657 | D:1      | Reached skill level 3 in Short Blades
   747 | D:1      | Reached XP level 3. HP: 18/18 MP: 4/4
  1526 | D:2      | Found a hazy altar of Hepliaklqana.
  1753 | D:2      | Gained mutation: Your natural rate of healing is unusually fast. [Vine Stalker growth]
  1753 | D:2      | Reached XP level 4. HP: 20/23 MP: 5/5
  1969 | D:3      | Found a faded altar of an unknown god.
  2177 | D:3      | Reached skill level 4 in Short Blades
  2264 | D:3      | Found a snail-covered altar of Cheibriados.
  3170 | D:4      | Found a white marble altar of Elyvilon.
  3259 | D:4      | Reached XP level 5. HP: 26/26 MP: 3/6
  3635 | D:4      | Reached skill level 5 in Short Blades
  3653 | D:4      | Found Arrairasu's Weapon Emporium.
  4038 | D:5      | Entered Level 5 of the Dungeon
  4063 | D:5      | Noticed a sky beast
  4066 | D:5      | Killed a sky beast
  4066 | D:5      | Reached XP level 6. HP: 30/30 MP: 7/7
  4665 | D:5      | Reached skill level 6 in Short Blades
  4880 | D:5      | Noticed an ice beast
  4887 | D:5      | Killed an ice beast
  4887 | D:5      | Reached XP level 7. HP: 34/34 MP: 8/8
  5028 | D:5      | Reached skill level 7 in Short Blades
  5534 | D:6      | Found a glowing golden altar of the Shining One.
  6252 | D:6      | Reached skill level 8 in Short Blades
  6371 | D:7      | Noticed a shadow
  6371 | D:7      | Noticed Torious's ghost (novice DECj)
  6531 | D:7      | Gained mutation: You have razor-sharp teeth. [Vine Stalker growth]
  6531 | D:7      | Reached XP level 8. HP: 28/38 MP: 9/9
  6584 | D:7      | Killed a shadow
  6628 | D:7      | Found a staircase to the Ecumenical Temple.
  6647 | Temple   | Entered the Ecumenical Temple
  6689 | Temple   | Became a worshipper of Dithmenos the Shadowed
  6741 | D:7      | Found a basalt altar of Yredelemnul.
  6816 | D:7      | Killed Torious's ghost
  6816 | D:7      | Reached skill level 9 in Short Blades
  7016 | D:7      | Reached skill level 10 in Short Blades
  7241 | D:6      | HP: 1/38 [hog (6)]
  7242 | D:6      | Mangled by a hog

Vault maps used:
D:1:      minmay_arrival_loop
D:2:      overflow_temple_1_default, kennysheep_generic_room_5
D:3:      chequers_ecumenical_altar_simple, kennysheep_slug_shrine
D:4:      marbit_many_paths, serial_shops, nicolae_shop_crystal
D:5:      first_bread, st_stairs_7
D:6:      nicolae_overflow_hidden_temple
D:7:      lemuel_round_altar, minmay_temple_entry_glass, grunt_livestock
Temple:   minmay_temple_forest_path

Skill      XL: |  1  2  3  4  5  6  7  8 |
---------------+-------------------------+-----
Short Blades   | 2 3 4 5 6 8 10 | 10.2
Fighting       | |  1.7
Throwing       | |  1.7
Dodging        | |  0.7
Stealth        | |  4.8

Action                   |  1- 3 |  4- 6 |  7- 9 || total
-------------------------+-------+-------+-------++-------
Melee: Dagger            |    96 |   124 |   112 ||   332
       Bite              |    19 |    25 |    60 ||   104
       Rapier            |       |       |    59 ||    59
 Fire: Blowgun           |    14 |     1 |       ||    15
Throw: Javelin           |       |     7 |       ||     7
Evoke: Wand              |       |       |     3 ||     3
  Use: Scroll            |       |     8 |     7 ||    15
       Potion            |       |       |     2 ||     2
 Stab: Sleeping          |    11 |    10 |     6 ||    27
       Distracted        |       |     1 |     1 ||     2
  Eat: Chunk             |     2 |    10 |     4 ||    16
       Fruit             |       |       |     2 ||     2
       Royal jelly       |       |       |     1 ||     1
Armor: Robe              |    35 |     2 |       ||    37
       Leather armour    |       |    35 |    35 ||    70
Dodge: Dodged            |    53 |    53 |    60 ||   166
